 Dungeon Crawl Stone Soup version 0.30.1 (webtiles) character file.

Game seed: 11901436876397232257

103 javelincjr the Magician (level 4, -4/28 (30) HPs)
             Began as a Demonspawn Hedge Wizard on July 10, 2023.
             Was a Follower of Cheibriados.
             Constricted to death by Terence (7 damage)
             ... on level 3 of the Dungeon.
             The game lasted 00:08:12 (2302 turns).

javelincjr the Magician (Demonspawn Hedge Wizard)   Turns: 2302, Time: 00:08:13

HP:   -4/28 (30)    AC:  3    Str: 14    XL:     4   Next: 51%
MP:   5/9           EV:  9    Int: 20    God:    Cheibriados [*.....]
Gold: 169           SH:  4    Dex: 15    Spells: 6/9 levels left

rFire   . . .        a - +0 dagger
rCold   . . .        (no shield)
rNeg    . . .        b - +0 robe
rPois   .            c - +0 hat
rElec   .            (no cloak)
rCorr   .            (no gloves)
SInv    .            (no boots)
Will    .....        (no amulet)
Stlth   ++           m - +4 ring of slaying
HPRegen 0.24/turn    (no ring)
MPRegen 0.11/turn

%: no passive effects
@: grasped by roots, constricted, drained, very slow
A: horns 1, sharp scales 1, condensation shield
a: Renounce Religion, Bend Time


You were on level 3 of the Dungeon.
You worshipped Cheibriados.
Cheibriados was aware of your devotion.
You visited 1 branch of the dungeon, and saw 3 of its levels.

You collected 169 gold pieces.

Inventory:

Hand Weapons
 a - a +0 dagger (weapon)
Armour
 b - a +0 robe (worn)
 c - a +0 hat (worn)
 r - a +0 cloak
Jewellery
 m - a +4 ring of slaying (left hand)
Wands
 q - a wand of roots (10)
Scrolls
 e - a scroll of enchant armour {unknown}
 f - 3 scrolls of identify {unknown}
 i - 2 scrolls of teleportation {unknown}
 j - a scroll of fear {unknown}
 l - a scroll of torment {unknown}
 o - a scroll of brand weapon {unknown}
 p - a scroll of enchant weapon {unknown}
Potions
 d - a potion of magic
 g - a potion of lignification {unknown}
 h - a potion of might {unknown}
 k - a potion of degeneration {unknown}
 n - 2 potions of curing {unknown}


   Skills:
 + Level 0.0 Fighting
 + Level 0.0 Armour
 + Level 2.4 Dodging
 + Level 2.3 Stealth
 + Level 3.3 Spellcasting
 + Level 1.9 Conjurations
 + Level 2.0 Summonings
 + Level 1.6 Translocations
 + Level 0.0 Invocations


You had 6 spell levels left.
You knew the following spells:

 Your Spells              Type           Power      Damage    Failure   Level
a - Magic Dart            Conj           44%        1d5       6%          1
b - Call Imp              Summ           22%        N/A       9%          2

Your spell library contained the following spells:

 Spells                   Type           Power      Damage    Failure   Level
 Blink                    Tloc           20%        N/A       11%         2
 Slow                     Hex            12%        N/A       14%         1
 Cigotuvi's Dreadful Rot  Necr/Pois/Air  6%         N/A       21%         2
 Mephitic Cloud           Conj/Pois/Air  5%         N/A       32%         3


Dungeon Overview and Level Annotations

Branches:
Dungeon (3/15)

Altars:
Cheibriados

Shops:
D:1 ?

Annotations:
D:3 Terence


Innate Abilities, Weirdness & Mutations

You have a pair of small horns on your head.
You are partially covered in razor-sharp scales. (AC +1, Slay +1)
A meltable shield of frost defends you. (SH +4)


Message History

Terence is unaffected.
The grasping roots constrict you.
You hear a shout!
You hear a bark!
You barely miss Terence.
Your cerulean imp hits Terence but does no damage.
Terence hits you with the +7 Throatcutter {drain, coup de grace}!
You feel drained. The grasping roots constrict you.
* * * LOW HITPOINT WARNING * * *
You are too injured to fight recklessly!
You are too injured to fight recklessly!
Unknown command.
You are too injured to fight recklessly!
You hit Terence.
Terence is lightly wounded.
Your cerulean imp hits Terence with a -3 spear.
Terence zaps a wand.
The roots erupt in riotous growth!
Roots grab your cerulean imp.
Terence is unaffected.
The grasping roots constrict your cerulean imp.
The grasping roots constrict you.
* * * LOW HITPOINT WARNING * * *
The grasping roots release their grip on you.
The flow of time bends around you.
Cheibriados rebukes Terence.
Terence seems to slow down.
Cheibriados rebukes the jackal.
The jackal seems to slow down.
Your cerulean imp hits Terence but does no damage.
You block the jackal's attack. Terence closely misses you.
The grasping roots constrict your cerulean imp.
The roots release their grip on your cerulean imp.
Your cerulean imp barely misses Terence.
Your cerulean imp closely misses Terence.
You puncture the jackal!
You kill the jackal!
Cheibriados thoroughly appreciates the change of pace.
Cheibriados raises the support of your attributes as your movement slows.
Terence zaps a wand.
The roots erupt in riotous growth!
The grasping roots grab you! The grasping roots constrict you!
You die...

#.############# ####
##..#..........# ...#
#<.............#
...######.##...........#
.......................#
#..#...................#
#..#<...................
#..#............@##.#.#
....###...............#
#.#.....†..>....@...###
#..#....#.......5.......
.....##...............#.
.##..###..............#
# #.....................
##.................!##
###.#...............


You could see Terence (slow, ally target) and a friendly cerulean imp
(summoned).

Vanquished Creatures
  Crazy Yiuf (D:2)
  2 adders
  2 worms (D:2)
  5 ball pythons
  5 endoplasms
  A giant cockroach (D:3)
  5 goblins
  6 hobgoblins
  3 jackals
  3 kobolds
  2 quokkas (D:1)
  6 bats
  A frilled lizard (D:1)
  7 rats
49 creatures vanquished.

Notes
Turn   | Place    | Note
-------+----------+-------------------------------------------
     0 | D:1      | javelincjr the Demonspawn Hedge Wizard began the quest for
                  | the Orb.
     0 | D:1      | Reached XP level 1. HP: 13/13 MP: 4/4
   125 | D:1      | Reached skill level 1 in Translocations
   301 | D:1      | Gained mutation: You are partially covered in razor-sharp
                  | scales. (AC +1, Slay +1) [demonic ancestry]
   301 | D:1      | Reached XP level 2. HP: 19/19 MP: 0/6
   995 | D:1      | Found Raenwabo's Magic Scroll Emporium.
  1044 | D:1      | Gained mutation: A meltable shield of frost defends you.
                  | (SH +4) [demonic ancestry]
  1044 | D:1      | Reached XP level 3. HP: 24/24 MP: 3/7
  2002 | D:2      | Found a faded altar of an unknown god.
  2008 | D:2      | Prayed at the altar of an unknown god.
  2008 | D:2      | Became a worshipper of Cheibriados the Contemplative
  2008 | D:2      | Reached * piety under Cheibriados
  2053 | D:2      | Found a runed translucent door.
  2054 | D:2      | Noticed Crazy Yiuf
  2060 | D:2      | Learned a level 2 spell: Call Imp
  2067 | D:2      | Killed Crazy Yiuf
  2068 | D:2      | Gained mutation: You have a pair of small horns on your
                  | head. [demonic ancestry]
  2068 | D:2      | Reached XP level 4. HP: 21/30 MP: 6/9
  2291 | D:3      | Noticed Terence
  2302 | D:3      | Constricted to death by Terence

Illustrated notes

Levels and vault maps discovered:
D:1:      dpeg_arrival_rhombus, layout_basic, serial_shops, shop
D:2:      layout_rooms, serial_corexii_hall, chequers_hall_statues_wall_a,
          chequers_hall_statues_wall_a, chequers_hall_statues_y,
          corexii_hall_statues_s, basic_ecumenical_altar,
          minmay_misc_feat_rugged, uniq_crazy_yiuf_cottage
D:3:      layout_rooms, mainiacjoe_overflow_alcove_2, uniq_terence

Skill      XL: |  1  2  3  4 |
---------------+-------------+-----
Translocations | 1 |  1.6
Stealth        | 2 |  2.3
Dodging        | 2 |  2.4
Summonings     | 2 |  2.0
Spellcasting   | |  3.3
Conjurations   | |  1.9

Action                     |  1- 3 |  4- 6 || total
---------------------------+-------+-------++-------
  Melee: Dagger            |    47 |     9 ||    56
         Headbutt          |       |     2 ||     2
   Cast: Magic Dart        |    97 |     3 ||   100
         Call Imp          |     1 |     1 ||     2
 Invoke: Bend Time         |       |     1 ||     1
   Stab: Distracted        |     1 |       ||     1
 Armour: Robe              |     5 |       ||     5
  Dodge: Dodged            |    26 |     4 ||    30
  Block: Other             |     3 |     2 ||     5
